Devils vs Monarchs

Created - Wednesday, November 12, 2014 at 22:32

Goals
1 2 3 T
Devils 0 1 0 1
Monarchs 1 1 1 3
Shots
1 2 3 T
Devils 6 5 9 20
Monarchs 6 21 7 34

1st period

1. Monarchs , C.J. Stretch 2 (Keith Ballard, Nathan Paetsch) at 19:31

Penalties :
Mathieu Tousignant (MAN) for Interference (Minor) at 2:43, Farm Player25 (LOW) for Tripping (Minor) at 13:54

2nd period

2. Monarchs , David Rundblad 15 (C.J. Stretch) at 11:54 (PP)
3. Devils , Gabriel Beaupre 1 (Brendan Shinnimin, Darroll Powe) at 17:50

Penalties :
Jason Jaffray (MAN) for Hooking (Minor) at 2:32, Rod Pelley (LOW) for Holding (Minor) at 6:25, Pascal Pelletier (LOW) for Roughing (Minor) at 11:53, Jason Jaffray (MAN) for Roughing (Minor) at 16:06, Braden Lamb (LOW) for Roughing (Minor) at 17:12

3rd period

4. Monarchs , Brett Olson 4 (Keith Ballard) at 19:45 (Empty Net)

Penalties :
Matej Stransky (MAN) for Fighting (Major) at 0:15, Ryan Jones (LOW) for Fighting (Major) at 0:15, Nathan Paetsch (MAN) for Fighting (Major) at 0:58, Darroll Powe (LOW) for Fighting (Major) at 0:58, Mathieu Tousignant (MAN) for Elbowing (Minor) at 1:56, Bobby Robins (MAN) for Fighting (Major) at 6:57, Gabriel Beaupre (LOW) for Fighting (Major) at 6:57

Goalie Stats

Robert Mayer (LOW), 31 saves from 33 shots - (0.939), L, 4-7-3, 59:50 minutes
Niklas Svedberg (MAN), 19 saves from 20 shots - (0.950), W, 9-6-1, 60:00 minutes

Players Stats for Devils

Player Name              G  A  P  +/- PIM S  H  SB GA TA FO     MP     PP MP  PK MP  
------------------------------------------------------------------------------------
Braden Lamb              0  0  0  -1  2   0  0  2  1  3  0/0    22:15   2:50   2:33 
Brendan Shinnimin        0  1  1   1  0   2  1  0  4  3  1/4    21:44   2:45   0:02 
Chris Wideman            0  0  0  -1  0   0  3  1  0  0  0/0    25:28   4:12   2:32 
Colin Miller             0  0  0  -1  0   2  1  1  1  0  0/0    25:27   4:12   2:32 
Darren Archibald         0  0  0   0  0   1  0  0  2  1  0/0    13:01   0:32   0:00 
Darroll Powe             0  1  1   0  5   0  2  3  1  1  5/14   21:57   2:02   2:13 
Farm Player25            0  0  0  -1  2   2  0  0  0  0  0/0    16:32   0:32   0:49 
Gabriel Beaupre          1  0  1   1  5   1  0  0  0  1  0/0    12:16   0:00   0:00 
Jordan Martinook         0  0  0   0  0   2  0  0  2  0  1/2    16:11   0:00   2:19 
Pascal Pelletier         0  0  0  -1  2   5  3  0  3  0  11/18  19:16   3:46   0:33 
Rod Pelley               0  0  0   0  2   4  1  1  1  0  0/0    16:27   3:17   0:00 
Ryan Jones               0  0  0  -1  5   0  4  0  3  2  4/9    16:17   0:00   4:14 
Scooter Vaughan          0  0  0   0  0   1  1  4  0  1  0/0    23:20   2:51   2:33 
Sean Collins             0  0  0  -1  0   0  0  1  2  1  0/0    16:24   3:46   0:00 
Sergey Andronov          0  0  0   0  0   0  0  3  0  0  0/0    12:07   0:00   0:00 
Yanni Gourde             0  0  0   0  0   0  0  0  0  0  0/0     0:00   0:00   0:00 
Zach Budish              0  0  0   0  0   0  0  0  0  0  0/0     0:00   0:00   0:00 
Zach O'Brien             0  0  0  -1  0   0  1  1  1  0  1/2    15:13   4:29   0:00 

Players Stats for Monarchs

Player Name              G  A  P  +/- PIM S  H  SB GA TA FO     MP     PP MP  PK MP  
------------------------------------------------------------------------------------
Bobby Robins             0  0  0   0  5   1  0  0  0  0  0/0    14:25   0:13   0:00 
Brett Olson              1  0  1   1  0   2  0  1  1  2  6/10   19:43   2:49   1:35 
C.J. Stretch             1  1  2   1  0   3  1  1  0  0  8/12   16:05   2:03   0:00 
David Rundblad           1  0  1  -1  0   8  0  0  4  0  0/0    19:19   2:02   1:11 
Derek Forbort            0  0  0   0  0   1  0  0  0  0  0/0    10:05   0:00   0:00 
Farm Player16            0  0  0   2  0   0  1  0  0  0  0/2    13:48   0:00   2:47 
Farm Player23            0  0  0   0  0   0  1  0  0  0  0/3     3:57   0:00   0:26 
Jared Knight             0  0  0   1  0   2  1  0  0  0  1/2    17:49   2:49   0:00 
Jason Jaffray            0  0  0   0  4   2  3  1  3  1  2/4    21:26   3:02   2:23 
Joe Morrow               0  0  0  -1  0   1  0  0  1  2  0/0    19:19   2:02   1:11 
Jordan Hill              0  0  0   0  0   0  1  0  0  1  0/0     5:46   0:00   0:00 
Keith Ballard            0  2  2   2  0   4  2  2  5  3  0/0    24:50   3:03   5:52 
Matej Stransky           0  0  0   1  5   0  0  0  4  0  0/1    14:13   2:03   0:00 
Mathieu Tousignant       0  0  0  -1  4   2  1  0  0  0  8/12   18:40   0:58   0:00 
Nathan Paetsch           0  1  1   2  5   6  1  0  0  1  0/0    22:31   3:03   3:53 
Raffi Torres             0  0  0  -1  0   0  2  0  0  0  1/2    20:43   1:18   5:02 
Rostislav Olesz          0  0  0   0  0   2  2  0  3  0  0/1    16:55   0:00   1:53 
Taylor Doherty           0  0  0   0  0   0  1  1  0  1  0/0    12:23   0:00   1:59 

3 Stars

1 - C.J. Stretch (MAN)
2 - Keith Ballard (MAN)
3 - Niklas Svedberg (MAN)

Power Play

Devils - 0 on 4 Attempt(s) - 0.00%
Monarchs - 1 on 4 Attempt(s) - 25.00%

Penalty Kill

Devils - 3 on 4 Attempt(s) - 75.00% - Score 0 goal in Penalty Kill
Monarchs - 4 on 4 Attempt(s) - 100.00% - Score 0 goal in Penalty Kill

Official

Referees : Unknown
Linesman : Unknown

Game Notes

Ryan Jones beats up Matej Stransky at 0:15 of 3rd period
Darroll Powe beats up Nathan Paetsch at 0:58 of 3rd period
Gabriel Beaupre beats up Bobby Robins at 6:57 of 3rd period
Brett Olson has scored in a empty net!

Finance

Level 1 -- Attendance: 1489 (74.45%) -- Ticket Income $52,115
Level 2 -- Attendance: 810 (81.00%) -- Ticket Income $12,150
Total Attendance: 2299 (76.63%)
Total Ticket Income: $64,265
Other Income: $31,490
Total Income: $95,755

Devils

5 vs 5 Forward 
   Center                   Left Wing                Right Wing               Time % Phy DF OF 
 1 Darroll Powe             Ryan Jones               Rod Pelley               35     1   2  2  
 2 Pascal Pelletier         Sean Collins             Brendan Shinnimin        30     1   2  2  
 3 Brendan Shinnimin        Jordan Martinook         Zach O'Brien             22     1   2  2  
 4 Darroll Powe             Darren Archibald         Sergey Andronov          13     1   2  2  

5 vs 5 Defense 
   Defense                  Defense                                           Time % Phy DF OF 
 1 Colin Miller             Chris Wideman                                     35     1   2  2  
 2 Scooter Vaughan          Braden Lamb                                       30     1   2  2  
 3 Gabriel Beaupre          Farm Player25                                     22     1   2  2  
 4 Colin Miller             Chris Wideman                                     13     1   2  2  

PowerPlay Forward 
   Center                   Left Wing                Right Wing               Time % Phy DF OF 
 1 Darroll Powe             Brendan Shinnimin        Rod Pelley               60     1   2  2  
 2 Pascal Pelletier         Sean Collins             Zach O'Brien             40     1   2  2  

PowerPlay Defense
   Defense                  Defense                                           Time % Phy DF OF 
 1 Colin Miller             Chris Wideman                                     60     1   2  2  
 2 Scooter Vaughan          Braden Lamb                                       40     1   2  2  

Penalty Kill 4 Players Forward 
   Center                   Wing                     Time % Phy DF OF 
 1 Ryan Jones               Darroll Powe             60     1   2  2  
 2 Rod Pelley               Pascal Pelletier         40     1   2  2  

Penalty Kill 4 Players Defense
   Defense                  Defense                  Time % Phy DF OF 
 1 Colin Miller             Chris Wideman            60     1   2  2  
 2 Scooter Vaughan          Braden Lamb              40     1   2  2  

Penalty Kill - 3 Players Forward 
   Forward                                           Time % Phy DF OF 
 1 Rod Pelley                                        60     1   2  2  
 2 Darroll Powe                                      40     1   2  2  

Penalty Kill - 3 Players Defense
   Defense                  Defense                  Time % Phy DF OF 
 1 Colin Miller             Chris Wideman            60     1   2  2  
 2 Scooter Vaughan          Braden Lamb              40     1   2  2  

4 vs 4 Forward 
   Center                   Wing                     Time % Phy DF OF 
 1 Brendan Shinnimin        Darroll Powe             60     1   2  2  
 2 Rod Pelley               Pascal Pelletier         40     1   2  2  

4 vs 4 Defense
   Defense                  Defense                  Time % Phy DF OF 
 1 Colin Miller             Chris Wideman            60     1   2  2  
 2 Scooter Vaughan          Braden Lamb              40     1   2  2  

Last Minutes Offensive
   Center                   Left Wing                Right Wing               Defense                  Defense                  
   Darroll Powe             Ryan Jones               Rod Pelley               Colin Miller             Chris Wideman            

Last Minutes Defensive
   Center                   Left Wing                Right Wing               Defense                  Defense                  
   Darroll Powe             Ryan Jones               Rod Pelley               Colin Miller             Chris Wideman            

Goaltenders
Starting : Robert Mayer             
Backup : Jason Missiaen           

Extra Forwards
Normal : Brendan Shinnimin, Zach O'Brien, Jordan Martinook - PP : Brendan Shinnimin, Zach O'Brien - PK : Jordan Martinook
Extra Defensemen
Normal : Gabriel Beaupre, Farm Player25, Scooter Vaughan - PP : Gabriel Beaupre - PK : Farm Player25, Scooter Vaughan
Penalty Shots
Jordan Martinook, Darroll Powe, Rod Pelley, Pascal Pelletier, Sean Collins

Monarchs

5 vs 5 Forward 
   Center                   Left Wing                Right Wing               Time % Phy DF OF 
 1 Brett Olson              Jason Jaffray            Jared Knight             35     1   2  2  
 2 C.J. Stretch             Raffi Torres             Matej Stransky           30     1   2  2  
 3 Mathieu Tousignant       Rostislav Olesz          Bobby Robins             22     1   2  2  
 4 Farm Player23            Jason Jaffray            Raffi Torres             13     1   2  2  

5 vs 5 Defense 
   Defense                  Defense                                           Time % Phy DF OF 
 1 Keith Ballard            Nathan Paetsch                                    35     1   2  2  
 2 Joe Morrow               David Rundblad                                    30     1   2  2  
 3 Derek Forbort            Taylor Doherty                                    22     1   2  2  
 4 Jordan Hill              Farm Player16                                     13     1   2  2  

PowerPlay Forward 
   Center                   Left Wing                Right Wing               Time % Phy DF OF 
 1 Brett Olson              Jason Jaffray            Jared Knight             60     1   2  2  
 2 C.J. Stretch             Raffi Torres             Matej Stransky           40     1   2  2  

PowerPlay Defense
   Defense                  Defense                                           Time % Phy DF OF 
 1 Keith Ballard            Nathan Paetsch                                    60     1   2  2  
 2 Joe Morrow               David Rundblad                                    40     1   2  2  

Penalty Kill 4 Players Forward 
   Center                   Wing                     Time % Phy DF OF 
 1 Jason Jaffray            Raffi Torres             60     1   2  2  
 2 Rostislav Olesz          Brett Olson              40     1   2  2  

Penalty Kill 4 Players Defense
   Defense                  Defense                  Time % Phy DF OF 
 1 Keith Ballard            Nathan Paetsch           60     1   2  2  
 2 Joe Morrow               David Rundblad           40     1   2  2  

Penalty Kill - 3 Players Forward 
   Forward                                           Time % Phy DF OF 
 1 Jason Jaffray                                     60     1   2  2  
 2 Raffi Torres                                      40     1   2  2  

Penalty Kill - 3 Players Defense
   Defense                  Defense                  Time % Phy DF OF 
 1 Keith Ballard            Nathan Paetsch           60     1   2  2  
 2 Joe Morrow               David Rundblad           40     1   2  2  

4 vs 4 Forward 
   Center                   Wing                     Time % Phy DF OF 
 1 Jason Jaffray            Raffi Torres             60     1   2  2  
 2 Rostislav Olesz          Brett Olson              40     1   2  2  

4 vs 4 Defense
   Defense                  Defense                  Time % Phy DF OF 
 1 Keith Ballard            Nathan Paetsch           60     1   2  2  
 2 Joe Morrow               David Rundblad           40     1   2  2  

Last Minutes Offensive
   Center                   Left Wing                Right Wing               Defense                  Defense                  
   Brett Olson              Jason Jaffray            Jared Knight             Keith Ballard            Nathan Paetsch           

Last Minutes Defensive
   Center                   Left Wing                Right Wing               Defense                  Defense                  
   Brett Olson              Jason Jaffray            Jared Knight             Keith Ballard            Nathan Paetsch           

Goaltenders
Starting : Niklas Svedberg          
Backup : Reto Berra               

Extra Forwards
Normal : Mathieu Tousignant, Bobby Robins, Farm Player16 - PP : Mathieu Tousignant, Bobby Robins - PK : Farm Player16
Extra Defensemen
Normal : Derek Forbort, Taylor Doherty, Jordan Hill - PP : Derek Forbort - PK : Taylor Doherty, Jordan Hill
Penalty Shots
Jason Jaffray, Raffi Torres, Rostislav Olesz, Brett Olson, Jared Knight

% Time on Ice - Devils

Lines # - Real PCT - Wanted PCT - Time Play
Normal Forward
1 - 29% - 35% - 13:22
2 - 27% - 30% - 12:38
3 - 18% - 22% - 8:22
4 - 26% - 13% - 12:07
Normal Defense
1 - 32% - 35% - 14:58
2 - 35% - 30% - 16:04
3 - 29% - 22% - 13:30
4 - 4% - 13% - 1:57
PP Forward
1 - 47% - 60% - 3:17
2 - 53% - 40% - 3:46
PP Defense
1 - 60% - 60% - 4:12
2 - 40% - 40% - 2:51
PK Forward
1 - 89% - 60% - 4:32
2 - 11% - 40% - 0:33
PK Defense
1 - 50% - 60% - 2:32
2 - 50% - 40% - 2:33
PK3 Forward
1 - 0% - 60%
2 - 0% - 40%
PK3 Defense
1 - 0% - 60%
2 - 0% - 40%
44 Forward
1 - 100% - 60% - 0:53
2 - 0% - 40% - 0:00
44 Defense
1 - 28% - 60% - 0:15
2 - 72% - 40% - 0:38
Last Minute Offensive  - 0:30
Last Minute Defensive  - 0:00
Total
Forward - 60:00
Defense - 60:00

% Time on Ice - Monarchs

Lines # - Real PCT - Wanted PCT - Time Play
Normal Forward
1 - 33% - 35% - 15:18
2 - 31% - 30% - 14:21
3 - 31% - 22% - 14:15
4 - 6% - 13% - 2:35
Normal Defense
1 - 33% - 35% - 15:10
2 - 33% - 30% - 15:28
3 - 22% - 22% - 10:05
4 - 12% - 13% - 5:46
PP Forward
1 - 60% - 60% - 3:02
2 - 40% - 40% - 2:03
PP Defense
1 - 60% - 60% - 3:03
2 - 40% - 40% - 2:02
PK Forward
1 - 78% - 60% - 5:28
2 - 22% - 40% - 1:35
PK Defense
1 - 83% - 60% - 5:52
2 - 17% - 40% - 1:11
PK3 Forward
1 - 0% - 60%
2 - 0% - 40%
PK3 Defense
1 - 0% - 60%
2 - 0% - 40%
44 Forward
1 - 100% - 60% - 0:53
2 - 0% - 40% - 0:00
44 Defense
1 - 28% - 60% - 0:15
2 - 72% - 40% - 0:38
Last Minute Offensive  - 0:00
Last Minute Defensive  - 0:30
Total
Forward - 60:00
Defense - 60:00

Play by Play

1st period


0:01 of 1st period - Brett Olson wins face-off versus Darroll Powe in neutral zone.
0:35 of 1st period - Slapshot by Rod Pelley.
0:35 of 1st period - Stopped by Niklas Svedberg without a rebound.
0:36 of 1st period - Pascal Pelletier wins face-off versus C.J. Stretch in Monarchs zone.
1:28 of 1st period - Bobby Robins is hit by Darroll Powe.
1:32 of 1st period - Scooter Vaughan is hit by Rostislav Olesz and loses puck.
1:43 of 1st period - Slapshot by Rostislav Olesz.
1:43 of 1st period - Shot Misses the Net.
1:45 of 1st period - Snap shot by Bobby Robins.
1:45 of 1st period - Stopped by Robert Mayer with a rebound.
1:47 of 1st period - Snap shot by Rostislav Olesz.
1:47 of 1st period - Stopped by Robert Mayer without a rebound.
1:48 of 1st period - Brett Olson wins face-off versus Jordan Martinook in Devils zone.
2:43 of 1st period - Minor Penalty to Mathieu Tousignant for Interference.
2:44 of 1st period - Pascal Pelletier wins face-off versus Jason Jaffray in Monarchs zone.
2:46 of 1st period - Wrist shot by Pascal Pelletier.
2:46 of 1st period - Stopped by Niklas Svedberg without a rebound.
2:47 of 1st period - Raffi Torres wins face-off versus Pascal Pelletier in Monarchs zone.
2:56 of 1st period - Wrist shot by Pascal Pelletier.
2:56 of 1st period - Stopped by Niklas Svedberg with a rebound.
4:43 of 1st period - Penalty to Mathieu Tousignant is over, Mathieu Tousignant is back on ice.
6:00 of 1st period - Ryan Jones is hit by Jordan Hill and loses puck.
6:21 of 1st period - Wrist shot by Rostislav Olesz.
6:21 of 1st period - Shot Misses the Net.
6:27 of 1st period - Derek Forbort is hit by Brendan Shinnimin and loses puck.
6:52 of 1st period - Backhand shot by Darroll Powe.
6:52 of 1st period - Shot Misses the Net.
7:27 of 1st period - Snap shot by Pascal Pelletier.
7:27 of 1st period - Deflect By Farm Player25.
7:27 of 1st period - Stopped by Niklas Svedberg without a rebound.
7:28 of 1st period - Pascal Pelletier wins face-off versus C.J. Stretch in Monarchs zone.
7:31 of 1st period - Wrist shot by Sean Collins.
7:31 of 1st period - Deflect By Pascal Pelletier.
7:31 of 1st period - Shot Misses the Net.
7:31 of 1st period - Puck is out of play.
7:32 of 1st period - C.J. Stretch wins face-off versus Pascal Pelletier in Monarchs zone.
7:37 of 1st period - Slapshot by C.J. Stretch.
7:37 of 1st period - Stopped by Robert Mayer with a rebound.
9:58 of 1st period - Jordan Hill is hit by Chris Wideman and loses puck.
11:12 of 1st period - Slapshot by Pascal Pelletier.
11:12 of 1st period - Stopped by Niklas Svedberg without a rebound.
11:13 of 1st period - Brett Olson wins face-off versus Pascal Pelletier in Monarchs zone.
11:34 of 1st period - Slapshot by Rod Pelley.
11:34 of 1st period - Deflect By Darroll Powe.
11:34 of 1st period - Shot Misses the Net.
11:34 of 1st period - Puck is out of play.
11:35 of 1st period - C.J. Stretch wins face-off versus Darroll Powe in Monarchs zone.
11:35 of 1st period - C.J. Stretch is hit by Ryan Jones.
12:27 of 1st period - Jared Knight is hit by Pascal Pelletier and loses puck.
13:16 of 1st period - Brendan Shinnimin is hit by Farm Player23 and loses puck.
13:38 of 1st period - Slapshot by Keith Ballard.
13:38 of 1st period - Deflect By Jason Jaffray.
13:38 of 1st period - Shot Misses the Net.
13:38 of 1st period - Puck is out of play.
13:39 of 1st period - Brett Olson wins face-off versus Pascal Pelletier in Devils zone.
13:54 of 1st period - Minor Penalty to Farm Player25 for Tripping.
13:55 of 1st period - Ryan Jones wins face-off versus Matej Stransky in Devils zone.
14:35 of 1st period - Icing by Matej Stransky.
14:36 of 1st period - Ryan Jones wins face-off versus C.J. Stretch in Monarchs zone.
14:37 of 1st period - Backhand shot by Jordan Martinook.
14:37 of 1st period - Stopped by Niklas Svedberg with a rebound.
15:32 of 1st period - Backhand shot by Keith Ballard.
15:32 of 1st period - Shot Blocked by Braden Lamb.
15:34 of 1st period - Slapshot by Keith Ballard.
15:34 of 1st period - Shot Misses the Net.
15:54 of 1st period - Penalty to Farm Player25 is over, Farm Player25 is back on ice.
15:54 of 1st period - Snap shot by Nathan Paetsch.
15:54 of 1st period - Shot Misses the Net.
16:52 of 1st period - Jordan Hill is hit by Darroll Powe and loses puck.
17:05 of 1st period - Joe Morrow is hit by Chris Wideman and loses puck.
17:29 of 1st period - Slapshot by David Rundblad.
17:29 of 1st period - Deflect By Rostislav Olesz.
17:29 of 1st period - Shot Misses the Net.
17:29 of 1st period - Puck is out of play.
17:30 of 1st period - Pascal Pelletier wins face-off versus Mathieu Tousignant in Devils zone.
18:48 of 1st period - Slapshot by David Rundblad.
18:48 of 1st period - Stopped by Robert Mayer with a rebound.
19:29 of 1st period - Slapshot by Keith Ballard.
19:29 of 1st period - Stopped by Robert Mayer with a rebound.
19:31 of 1st period - Slapshot by C.J. Stretch.
19:31 of 1st period - Goal by C.J. Stretch - Devils : 0 - Monarchs : 1.
19:32 of 1st period - Mathieu Tousignant wins face-off versus Darroll Powe in neutral zone.
Goals for this period are 0 for Devils vs 1 for Monarchs.
Shots for this period are 6 for Devils vs 6 for Monarchs.

2nd period


0:01 of 2nd period - Jason Jaffray wins face-off versus Darroll Powe in neutral zone.
0:22 of 2nd period - Slapshot by Jason Jaffray.
0:22 of 2nd period - Stopped by Robert Mayer with a rebound.
0:24 of 2nd period - Slapshot by Keith Ballard.
0:24 of 2nd period - Shot Blocked by Rod Pelley.
0:26 of 2nd period - Slapshot by Nathan Paetsch.
0:26 of 2nd period - Deflect By Brett Olson.
0:26 of 2nd period - Shot Misses the Net.
0:26 of 2nd period - Puck is out of play.
0:27 of 2nd period - C.J. Stretch wins face-off versus Pascal Pelletier in Devils zone.
0:28 of 2nd period - Snap shot by David Rundblad.
0:28 of 2nd period - Shot Misses the Net.
0:55 of 2nd period - Slapshot by Joe Morrow.
0:55 of 2nd period - Shot Blocked by Scooter Vaughan.
1:24 of 2nd period - Rod Pelley is hit by Rostislav Olesz and loses puck.
1:41 of 2nd period - Wrist shot by Rostislav Olesz.
1:41 of 2nd period - Stopped by Robert Mayer without a rebound.
1:42 of 2nd period - Darroll Powe wins face-off versus Brett Olson in Devils zone.
2:32 of 2nd period - Minor Penalty to Jason Jaffray for Hooking.
2:33 of 2nd period - Pascal Pelletier wins face-off versus Raffi Torres in Monarchs zone.
2:45 of 2nd period - Backhand shot by David Rundblad.
2:45 of 2nd period - Shot Hit the Post.
3:03 of 2nd period - Slapshot by Joe Morrow.
3:03 of 2nd period - Stopped by Robert Mayer without a rebound.
3:04 of 2nd period - Darroll Powe wins face-off versus Farm Player16 in Devils zone.
3:20 of 2nd period - Snap shot by Rod Pelley.
3:20 of 2nd period - Shot Misses the Net.
3:54 of 2nd period - Slapshot by Sean Collins.
3:54 of 2nd period - Shot Misses the Net.
3:56 of 2nd period - Snap shot by Colin Miller.
3:56 of 2nd period - Stopped by Niklas Svedberg with a rebound.
4:22 of 2nd period - Darroll Powe is hit by Keith Ballard and loses puck.
4:32 of 2nd period - Penalty to Jason Jaffray is over, Jason Jaffray is back on ice.
5:38 of 2nd period - Joe Morrow is hit by Pascal Pelletier.
6:25 of 2nd period - Minor Penalty to Rod Pelley for Holding.
6:26 of 2nd period - Ryan Jones wins face-off versus Brett Olson in Devils zone.
6:40 of 2nd period - Slapshot by David Rundblad.
6:40 of 2nd period - Stopped by Robert Mayer with a rebound.
7:35 of 2nd period - Slapshot by Scooter Vaughan.
7:35 of 2nd period - Stopped by Niklas Svedberg with a rebound.
8:25 of 2nd period - Penalty to Rod Pelley is over, Rod Pelley is back on ice.
8:30 of 2nd period - Snap shot by Brett Olson.
8:30 of 2nd period - Stopped by Robert Mayer with a rebound.
8:32 of 2nd period - Slapshot by David Rundblad.
8:32 of 2nd period - Stopped by Robert Mayer with a rebound.
8:58 of 2nd period - Wrist shot by Derek Forbort.
8:58 of 2nd period - Shot Misses the Net.
9:00 of 2nd period - Backhand shot by Derek Forbort.
9:00 of 2nd period - Stopped by Robert Mayer without a rebound.
9:01 of 2nd period - Mathieu Tousignant wins face-off versus Pascal Pelletier in Devils zone.
9:30 of 2nd period - Brendan Shinnimin is hit by C.J. Stretch and loses puck.
10:29 of 2nd period - Wrist shot by David Rundblad.
10:29 of 2nd period - Stopped by Robert Mayer with a rebound.
10:45 of 2nd period - Snap shot by Darren Archibald.
10:45 of 2nd period - Shot Misses the Net.
10:47 of 2nd period - Slapshot by Colin Miller.
10:47 of 2nd period - Stopped by Niklas Svedberg without a rebound.
10:48 of 2nd period - C.J. Stretch wins face-off versus Darroll Powe in Monarchs zone.
11:26 of 2nd period - Keith Ballard is hit by Ryan Jones and loses puck.
11:53 of 2nd period - Minor Penalty to Pascal Pelletier for Roughing.
11:54 of 2nd period - C.J. Stretch wins face-off versus Ryan Jones in Devils zone.
11:54 of 2nd period - Snap shot by David Rundblad.
11:54 of 2nd period - Goal by David Rundblad - Devils : 0 - Monarchs : 2.
11:55 of 2nd period - C.J. Stretch wins face-off versus Darroll Powe in neutral zone.
12:09 of 2nd period - Snap shot by C.J. Stretch.
12:09 of 2nd period - Stopped by Robert Mayer with a rebound.
12:17 of 2nd period - Wrist shot by C.J. Stretch.
12:17 of 2nd period - Shot Blocked by Darroll Powe.
12:23 of 2nd period - Snap shot by Nathan Paetsch.
12:23 of 2nd period - Deflect By Matej Stransky.
12:23 of 2nd period - Shot Blocked by Sergey Andronov.
12:23 of 2nd period - Puck is out of play.
12:24 of 2nd period - Mathieu Tousignant wins face-off versus Brendan Shinnimin in Devils zone.
12:27 of 2nd period - Slapshot by Rostislav Olesz.
12:27 of 2nd period - Shot Blocked by Braden Lamb.
12:37 of 2nd period - Slapshot by David Rundblad.
12:37 of 2nd period - Shot Misses the Net.
12:39 of 2nd period - Slapshot by Joe Morrow.
12:39 of 2nd period - Shot Blocked by Scooter Vaughan.
13:10 of 2nd period - Slapshot by David Rundblad.
13:10 of 2nd period - Stopped by Robert Mayer with a rebound.
13:12 of 2nd period - Wrist shot by Jared Knight.
13:12 of 2nd period - Shot Misses the Net.
13:14 of 2nd period - Snap shot by Jared Knight.
13:14 of 2nd period - Stopped by Robert Mayer with a rebound.
13:16 of 2nd period - Slapshot by Nathan Paetsch.
13:16 of 2nd period - Stopped by Robert Mayer with a rebound.
13:18 of 2nd period - Slapshot by Nathan Paetsch.
13:18 of 2nd period - Stopped by Robert Mayer with a rebound.
13:20 of 2nd period - Snap shot by Jared Knight.
13:20 of 2nd period - Stopped by Robert Mayer without a rebound.
13:21 of 2nd period - Brett Olson wins face-off versus Darroll Powe in Devils zone.
13:40 of 2nd period - Slapshot by Keith Ballard.
13:40 of 2nd period - Shot Misses the Net.
13:42 of 2nd period - Slapshot by Nathan Paetsch.
13:42 of 2nd period - Shot Misses the Net.
14:12 of 2nd period - Backhand shot by Sean Collins.
14:12 of 2nd period - Shot Misses the Net.
14:14 of 2nd period - Snap shot by Pascal Pelletier.
14:14 of 2nd period - Deflect By Brendan Shinnimin.
14:14 of 2nd period - Shot Misses the Net.
14:14 of 2nd period - Puck is out of play.
14:15 of 2nd period - Mathieu Tousignant wins face-off versus Pascal Pelletier in Monarchs zone.
14:23 of 2nd period - Off-side.
14:24 of 2nd period - Darroll Powe wins face-off versus Mathieu Tousignant in neutral zone.
14:49 of 2nd period - Snap shot by Darren Archibald.
14:49 of 2nd period - Shot Misses the Net.
15:29 of 2nd period - Rod Pelley is hit by Raffi Torres and loses puck.
16:06 of 2nd period - Minor Penalty to Jason Jaffray for Roughing.
16:07 of 2nd period - Pascal Pelletier wins face-off versus Farm Player16 in Monarchs zone.
16:07 of 2nd period - Wrist shot by Zach O'Brien.
16:07 of 2nd period - Shot Misses the Net.
16:19 of 2nd period - Slapshot by Keith Ballard.
16:19 of 2nd period - Shot Blocked by Colin Miller.
16:33 of 2nd period - Slapshot by Nathan Paetsch.
16:33 of 2nd period - Shot Blocked by Zach O'Brien.
17:12 of 2nd period - Minor Penalty to Braden Lamb for Roughing.
17:13 of 2nd period - Mathieu Tousignant wins face-off versus Darroll Powe in Devils zone.
17:26 of 2nd period - Slapshot by David Rundblad.
17:26 of 2nd period - Shot Blocked by Darroll Powe.
17:48 of 2nd period - Snap shot by Darroll Powe.
17:48 of 2nd period - Deflect By Brendan Shinnimin.
17:48 of 2nd period - Stopped by Niklas Svedberg with a rebound.
17:50 of 2nd period - Slapshot by Gabriel Beaupre.
17:50 of 2nd period - Goal by Gabriel Beaupre - Devils : 1 - Monarchs : 2.
17:51 of 2nd period - Mathieu Tousignant wins face-off versus Brendan Shinnimin in neutral zone.
18:02 of 2nd period - Slapshot by Keith Ballard.
18:02 of 2nd period - Deflect By Mathieu Tousignant.
18:02 of 2nd period - Stopped by Robert Mayer with a rebound.
18:04 of 2nd period - Slapshot by Keith Ballard.
18:04 of 2nd period - Stopped by Robert Mayer without a rebound.
18:05 of 2nd period - Brendan Shinnimin wins face-off versus Mathieu Tousignant in Devils zone.
18:06 of 2nd period - Penalty to Jason Jaffray is over, Jason Jaffray is back on ice.
18:16 of 2nd period - Slapshot by Nathan Paetsch.
18:16 of 2nd period - Shot Misses the Net.
18:18 of 2nd period - Snap shot by Nathan Paetsch.
18:18 of 2nd period - Stopped by Robert Mayer without a rebound.
18:19 of 2nd period - Ryan Jones wins face-off versus Brett Olson in Devils zone.
18:40 of 2nd period - Slapshot by Keith Ballard.
18:40 of 2nd period - Stopped by Robert Mayer with a rebound.
18:42 of 2nd period - Slapshot by Nathan Paetsch.
18:42 of 2nd period - Stopped by Robert Mayer without a rebound.
18:43 of 2nd period - Brett Olson wins face-off versus Ryan Jones in Devils zone.
18:50 of 2nd period - Snap shot by Nathan Paetsch.
18:50 of 2nd period - Stopped by Robert Mayer without a rebound.
18:51 of 2nd period - Jared Knight wins face-off versus Ryan Jones in Devils zone.
19:12 of 2nd period - Penalty to Braden Lamb is over, Braden Lamb is back on ice.
19:24 of 2nd period - Icing by Ryan Jones.
19:25 of 2nd period - Mathieu Tousignant wins face-off versus Ryan Jones in Devils zone.
Goals for this period are 1 for Devils vs 1 for Monarchs.
Shots for this period are 5 for Devils vs 21 for Monarchs.

3rd period


0:01 of 3rd period - C.J. Stretch wins face-off versus Ryan Jones in neutral zone.
0:11 of 3rd period - Slapshot by Keith Ballard.
0:11 of 3rd period - Shot Blocked by Chris Wideman.
0:13 of 3rd period - Slapshot by Nathan Paetsch.
0:13 of 3rd period - Stopped by Robert Mayer with a rebound.
0:15 of 3rd period - Slapshot by Keith Ballard.
0:15 of 3rd period - Deflect By Rod Pelley.
0:15 of 3rd period - Stopped by Robert Mayer without a rebound.
0:15 of 3rd period - Ryan Jones beats up Matej Stransky.
0:15 of 3rd period - Penalty to Matej Stransky for Fighting.
0:15 of 3rd period - Penalty to Ryan Jones for Fighting.
0:16 of 3rd period - C.J. Stretch wins face-off versus Darroll Powe in Devils zone.
0:58 of 3rd period - Darroll Powe beats up Nathan Paetsch.
0:58 of 3rd period - Penalty to Nathan Paetsch for Fighting.
0:58 of 3rd period - Penalty to Darroll Powe for Fighting.
0:59 of 3rd period - Pascal Pelletier wins face-off versus Brett Olson in Devils zone.
0:59 of 3rd period - Pascal Pelletier is hit by Jared Knight.
1:27 of 3rd period - Braden Lamb is hit by Jason Jaffray and loses puck.
1:50 of 3rd period - Scooter Vaughan is hit by Mathieu Tousignant and loses puck.
1:56 of 3rd period - Minor Penalty to Mathieu Tousignant for Elbowing.
1:57 of 3rd period - Jason Jaffray wins face-off versus Zach O'Brien in Monarchs zone.
2:15 of 3rd period - Backhand shot by Rod Pelley.
2:15 of 3rd period - Stopped by Niklas Svedberg without a rebound.
2:16 of 3rd period - Zach O'Brien wins face-off versus Jason Jaffray in Monarchs zone.
2:25 of 3rd period - Slapshot by Keith Ballard.
2:25 of 3rd period - Shot Misses the Net.
2:35 of 3rd period - Keith Ballard is hit by Rod Pelley and loses puck.
3:27 of 3rd period - Wrist shot by Rod Pelley.
3:27 of 3rd period - Stopped by Niklas Svedberg with a rebound.
3:29 of 3rd period - Slapshot by Rod Pelley.
3:29 of 3rd period - Stopped by Niklas Svedberg with a rebound.
3:31 of 3rd period - Snap shot by Scooter Vaughan.
3:31 of 3rd period - Shot Blocked by Keith Ballard.
3:41 of 3rd period - Pascal Pelletier is hit by Taylor Doherty and loses puck.
3:48 of 3rd period - Brett Olson is hit by Pascal Pelletier and loses puck.
3:56 of 3rd period - Penalty to Mathieu Tousignant is over, Mathieu Tousignant is back on ice.
4:03 of 3rd period - Chris Wideman is hit by Keith Ballard and loses puck.
4:10 of 3rd period - Slapshot by Colin Miller.
4:10 of 3rd period - Shot Blocked by Taylor Doherty.
4:14 of 3rd period - Slapshot by Jordan Martinook.
4:14 of 3rd period - Stopped by Niklas Svedberg without a rebound.
4:15 of 3rd period - Jordan Martinook wins face-off versus C.J. Stretch in Monarchs zone.
4:50 of 3rd period - Slapshot by Darren Archibald.
4:50 of 3rd period - Shot Misses the Net.
5:28 of 3rd period - Jared Knight is hit by Ryan Jones.
5:35 of 3rd period - Icing by Rod Pelley.
5:36 of 3rd period - Mathieu Tousignant wins face-off versus Brendan Shinnimin in Devils zone.
6:23 of 3rd period - Chris Wideman is hit by Farm Player16 and loses puck.
6:48 of 3rd period - Slapshot by Brendan Shinnimin.
6:48 of 3rd period - Stopped by Niklas Svedberg with a rebound.
6:50 of 3rd period - Snap shot by Pascal Pelletier.
6:50 of 3rd period - Stopped by Niklas Svedberg without a rebound.
6:51 of 3rd period - Pascal Pelletier wins face-off versus Rostislav Olesz in Monarchs zone.
6:57 of 3rd period - Gabriel Beaupre beats up Bobby Robins.
6:57 of 3rd period - Penalty to Bobby Robins for Fighting.
6:57 of 3rd period - Penalty to Gabriel Beaupre for Fighting.
6:58 of 3rd period - Darroll Powe wins face-off versus Mathieu Tousignant in Monarchs zone.
7:31 of 3rd period - Sergey Andronov is hit by Jason Jaffray and loses puck.
8:00 of 3rd period - Matej Stransky is hit by Chris Wideman and loses puck.
9:00 of 3rd period - Snap shot by Jason Jaffray.
9:00 of 3rd period - Stopped by Robert Mayer with a rebound.
9:29 of 3rd period - Slapshot by David Rundblad.
9:29 of 3rd period - Deflect By Sean Collins.
9:29 of 3rd period - Stopped by Robert Mayer with a rebound.
9:39 of 3rd period - David Rundblad is hit by Zach O'Brien and loses puck.
10:25 of 3rd period - Wrist shot by Sergey Andronov.
10:25 of 3rd period - Shot Blocked by Jason Jaffray.
11:14 of 3rd period - Slapshot by Pascal Pelletier.
11:14 of 3rd period - Shot Misses the Net.
11:16 of 3rd period - Slapshot by Farm Player25.
11:16 of 3rd period - Stopped by Niklas Svedberg with a rebound.
11:18 of 3rd period - Snap shot by Jordan Martinook.
11:18 of 3rd period - Shot Misses the Net.
11:38 of 3rd period - Slapshot by Taylor Doherty.
11:38 of 3rd period - Shot Blocked by Scooter Vaughan.
11:40 of 3rd period - Slapshot by Rostislav Olesz.
11:40 of 3rd period - Shot Blocked by Scooter Vaughan.
11:42 of 3rd period - Snap shot by Mathieu Tousignant.
11:42 of 3rd period - Stopped by Robert Mayer with a rebound.
11:44 of 3rd period - Snap shot by Mathieu Tousignant.
11:44 of 3rd period - Shot Misses the Net.
13:17 of 3rd period - Icing by Joe Morrow.
13:18 of 3rd period - Pascal Pelletier wins face-off versus Farm Player23 in Monarchs zone.
13:27 of 3rd period - Slapshot by Nathan Paetsch.
13:27 of 3rd period - Deflect By Farm Player23.
13:27 of 3rd period - Shot Blocked by Sean Collins.
13:27 of 3rd period - Puck is out of play.
13:28 of 3rd period - Darroll Powe wins face-off versus Farm Player23 in Devils zone.
13:38 of 3rd period - Wrist shot by Darren Archibald.
13:38 of 3rd period - Stopped by Niklas Svedberg with a rebound.
14:00 of 3rd period - Scooter Vaughan is hit by Nathan Paetsch and loses puck.
14:43 of 3rd period - Slapshot by David Rundblad.
14:43 of 3rd period - Shot Misses the Net.
15:11 of 3rd period - Snap shot by Jared Knight.
15:11 of 3rd period - Shot Misses the Net.
15:13 of 3rd period - Snap shot by Jason Jaffray.
15:13 of 3rd period - Shot Misses the Net.
15:49 of 3rd period - Slapshot by David Rundblad.
15:49 of 3rd period - Deflect By Darroll Powe.
15:49 of 3rd period - Stopped by Robert Mayer with a rebound.
15:51 of 3rd period - Wrist shot by David Rundblad.
15:51 of 3rd period - Shot Blocked by Sergey Andronov.
15:53 of 3rd period - Snap shot by Joe Morrow.
15:53 of 3rd period - Shot Blocked by Sergey Andronov.
15:55 of 3rd period - Slapshot by C.J. Stretch.
15:55 of 3rd period - Shot Blocked by Darroll Powe.
16:20 of 3rd period - Jordan Martinook is hit by Jason Jaffray and loses puck.
17:16 of 3rd period - Rod Pelley is hit by Raffi Torres.
17:40 of 3rd period - Slapshot by Pascal Pelletier.
17:40 of 3rd period - Stopped by Niklas Svedberg with a rebound.
17:42 of 3rd period - Wrist shot by Sergey Andronov.
17:42 of 3rd period - Deflect By Pascal Pelletier.
17:42 of 3rd period - Shot Blocked by C.J. Stretch.
17:42 of 3rd period - Puck is out of play.
17:43 of 3rd period - Pascal Pelletier wins face-off versus Jared Knight in Monarchs zone.
18:02 of 3rd period - Derek Forbort is hit by Ryan Jones and loses puck.
18:13 of 3rd period - Snap shot by Darroll Powe.
18:13 of 3rd period - Shot Blocked by Brett Olson.
19:07 of 3rd period - Mathieu Tousignant is hit by Scooter Vaughan.
19:33 of 3rd period - Keith Ballard is hit by Colin Miller.
19:35 of 3rd period - Devils, Robert Mayer is pulled from the net.
19:39 of 3rd period - Slapshot by Darroll Powe.
19:39 of 3rd period - Shot Blocked by Keith Ballard.
19:45 of 3rd period - Snap shot by Brett Olson.
19:45 of 3rd period - Goal by Brett Olson - Devils : 1 - Monarchs : 3.
19:45 of 3rd period - Robert Mayer from Devils was sent back in the game.
19:46 of 3rd period - Pascal Pelletier wins face-off versus Farm Player23 in neutral zone.
Goals for this period are 0 for Devils vs 1 for Monarchs.
Shots for this period are 9 for Devils vs 7 for Monarchs.


Output by the SimonT Hockey Simulator (STHS) for Eric Dolegowski -- Original Page W3C XHTML 1.0 Valid
Hockey Simulator - Hockey Simulation - Hockey Manager